 Dungeon Crawl Stone Soup version 0.30-a0-723-gc1506a1cf0 (webtiles) character file.

Game seed: 11185956333302471928

1603 tkbsonic5 the Magician (level 9, -9/62 HPs)
             Began as a Djinni Fire Elementalist on Jan 29, 2023.
             Mangled by Duvessa
             ... wielding a +1 rapier of holy wrath
              (17 damage)
             ... on level 6 of the Dungeon.
             The game lasted 00:19:50 (5008 turns).

tkbsonic5 the Magician (Djinni Fire Elementalist)   Turns: 5008, Time: 00:19:51

Health: -9/62      AC:  8    Str:  7    XL:     9   Next: 16%
Gold:   323        EV: 13    Int: 22    God:
                   SH:  0    Dex: 13

rFire   + + +      SeeInvis .    u - +4 quarterstaff (chaos)
rCold   x . .      Faith    .    (shield currently unavailable)
rNeg    . . .      Spirit   .    a - +0 robe
rPois   ∞          Reflect  .    (no helmet)
rElec   .          Harm     .    v - +0 cloak
rCorr   .          Rampage  .    t - +2 pair of gloves
Will    +....                    (boots unavailable)
Stlth   ++                       (no amulet)
HPRegen 0.30/turn                r - ring of protection from fire
MPRegen 0.00/turn                y - ring of wizardry

@: mighty, flying
A: sickness immunity, fire resistance 2, cold vulnerability 1, float, innate
caster, HP casting, extra vitality 1, iridescent scales 1, strong-willed 1,
MP-powered wands, sturdy frame 1
a: no special abilities


You were on level 6 of the Dungeon.
You visited 1 branch of the dungeon, and saw 6 of its levels.

You collected 323 gold pieces.

Inventory:

Hand Weapons
 d - a +0 arbalest
 l - a +2 vampiric dagger
 s - a +0 great sword
 u - a +4 quarterstaff of chaos (weapon)
Missiles
 g - 5 poisoned darts
 k - 4 atropa-tipped darts
Armour
 a - a +0 robe (worn)
 t - a +2 pair of gloves (worn)
 v - a +0 cloak (worn)
Jewellery
 r - a ring of protection from fire (left hand)
 y - a ring of wizardry (right hand)
Scrolls
 j - 6 scrolls of teleportation
 n - a scroll of amnesia {unknown}
 p - a scroll of poison {unknown}
 w - a scroll of immolation {unknown}
Potions
 b - a potion of magic
 e - a potion of might
 f - 2 potions of attraction {unknown}
 o - a potion of brilliance


   Skills:
 * Level 3.7 Fighting
 * Level 2.2 Staves
 - Level 2.0 Ranged Weapons
 + Level 3.7 Dodging
 - Level 1.5 Stealth
 * Level 7.3 Spellcasting


You had one spell level left.
You knew the following spells:

 Your Spells              Type           Power      Damage    Failure   Level
a - Foxfire               Conj/Fire      100%       2x1d9     1%          1
b - Scorch                Fire           80%        2d9       1%          2
c - Kindle Blastsparks    Fire/Tloc/Air  80%        2d16      1%          3
d - Inner Flame           Hex/Fire       40%        N/A       1%          3
e - Flame Wave            Conj/Fire      40%        2d11      1%          4
f - Sandblast             Erth           80%        2d17      1%          1
g - Momentum Strike       Conj/Tloc      80%        3d10      1%          2
h - Lesser Beckoning      Tloc           80%        N/A       1%          2
i - Vampiric Draining     Necr           40%        2d8       1%          3
Your spell library was empty.

Dungeon Overview and Level Annotations

Branches:
Dungeon (6/15)             Temple (0/1) D:6

Altars:
Elyvilon

Annotations:
D:6 Duvessa


Innate Abilities, Weirdness & Mutations

You are immune to sickness and miasma.
You are immune to poison.
Your flesh is very heat resistant. (rF++)
You are vulnerable to cold. (rC-)
You float through the air rather than walking.
You learn spells naturally, not from books.
Your magical power is your life essence.
You have superior vitality. (+4 MHP)
You are partially covered in iridescent scales. (AC +2)
You are strong-willed. (Will+)
You expend health (3 HP) to strengthen your wands.
Your movements are slightly less encumbered by armour. (ER -2)


Message History

The necrophage hits you but does no damage.
Duvessa rages.
You hear a bellow!
You barely miss the necrophage.
The necrophage is moderately damaged.
The necrophage closely misses you. The necrophage hits you.
You thump the necrophage!
The necrophage seems to speed up.
The necrophage is severely damaged.
The necrophage barely misses you.
You closely miss the necrophage.
The necrophage is severely damaged.
The necrophage hits you. The necrophage misses you.
A yak comes into view.
Flames lash Duvessa.
Duvessa is lightly wounded.
Duvessa's fire resistance burns away.
The necrophage hits you.
Duvessa rages.
The necrophage hits you but does no damage.
Flames lash the necrophage.
You destroy the necrophage!
You sock Duvessa!
Duvessa is poisoned.
Duvessa is moderately wounded.
Duvessa hits you with a +1 rapier of holy wrath.
Duvessa hits you with a +1 rapier of holy wrath!
As you read the scroll labelled ICEICV KALEUS, it crumbles to dust.
You assume a fearsome visage.
Duvessa is unaffected.
The orc looks frightened!
The yak looks frightened! x2; It was a scroll of fear.
Duvessa hits you with a +1 rapier of holy wrath!
* * * LOW HITPOINT WARNING * * *
Okay, then.
It was a potion of mutation.
You feel extremely strange.
You feel your magical essence link to the dungeon's wands.
You feel strong-willed.
Iridescent scales grow over part of your body.
You feel less encumbered by your armour.
Duvessa closely misses you. Duvessa barely misses you.
You hit Duvessa. You freeze Duvessa.
Duvessa is heavily wounded.
Duvessa hits you with a +1 rapier of holy wrath!
You die...

.# ..>. o. ... .##..
o... #Y. #o# ####
####o#####....##
#.Y)Y..e@......#
#####.#######.......
#.<..)# #.#....
......e..## .# ###
.........# #
.........#
.........#
....)....#
.........#


You could see 2 yaks, Duvessa (berserk, very poisoned, combustible) and an orc
wizard.

Vanquished Creatures
  Grinder (D:3)
  A hornet (D:5)
  Menkaure (D:5)
  An ice beast (D:6)
  2 ogres (D:4)
  2 scorpions
  A necrophage (D:6)
  Dowan (D:6)
  A howler monkey (D:5)
  A gnoll bouda (D:4)
  5 hounds
  Crazy Yiuf (D:3)
  An iguana (D:5)
  2 orc wizards
  12 gnolls
  10 adders
  2 worms
  2 dart slugs
  8 orcs
  2 ball pythons
  2 endoplasms
  2 giant cockroaches
  9 goblins
  6 hobgoblins
  3 quokkas
  8 bats
  8 frilled lizards
  12 kobolds
  6 rats
113 creatures vanquished.

Vanquished Creatures (collateral kills)
  6 foxfires (D:2)
6 creatures vanquished.

Vanquished Creatures (others)
  2 demonic plants (D:2)
  180 foxfires
  2 fungi (D:2)
  11 plants (D:2)
  2 withered plants (D:2)
197 creatures vanquished.

Grand Total: 316 creatures vanquished

Notes
Turn   | Place    | Note
-------+----------+-------------------------------------------
     0 | D:1      | tkbsonic5 the Djinni Fire Elementalist began the quest for
                  | the Orb.
     0 | D:1      | tkbsonic5 set off with the following spells memorised:
                  | Foxfire, Scorch, Kindle Blastsparks, Inner Flame, Flame
                  | Wave.
     0 | D:1      | Reached XP level 1. HP: 15/15 MP: 0/0
   250 | D:1      | Reached XP level 2. HP: 19/21 MP: 0/0
   308 | D:1      | Reached skill level 3 in Spellcasting
   817 | D:2      | Reached XP level 3. HP: 25/25 MP: 0/0
   817 | D:2      | Learned a level 1 spell: Sandblast
  1001 | D:2      | Reached XP level 4. HP: 27/31 MP: 0/0
  1277 | D:2      | Found a faded altar of an unknown god.
  1417 | D:2      | Reached skill level 4 in Spellcasting
  1658 | D:3      | Reached XP level 5. HP: 24/35 MP: 0/0
  1658 | D:3      | Learned a level 2 spell: Momentum Strike
  1826 | D:3      | Identified the +2 short sword "Anwaefed" {freeze, rN+ Int+3
                  | Dex+2 Stlth-}
  1835 | D:3      | Found a white marble altar of Elyvilon.
  2036 | D:3      | Found a runed translucent door.
  2037 | D:3      | Noticed Crazy Yiuf
  2277 | D:3      | Noticed Grinder
  2349 | D:3      | Killed Grinder
  2350 | D:3      | Reached skill level 5 in Spellcasting
  2350 | D:3      | Reached XP level 6. HP: 12/40 MP: 0/0
  2656 | D:3      | Killed Crazy Yiuf
  2657 | D:3      | Reached XP level 7. HP: 20/45 MP: 0/0
  2657 | D:3      | Learned a level 2 spell: Lesser Beckoning
  2984 | D:4      | Reached skill level 6 in Spellcasting
  3521 | D:4      | Reached XP level 8. HP: 32/51 MP: 0/0
  3522 | D:4      | Reached skill level 1 in Fighting
  3531 | D:4      | Reached skill level 1 in Ranged Weapons
  3728 | D:5      | Entered Level 5 of the Dungeon
  3967 | D:5      | Noticed Menkaure
  3998 | D:5      | Killed Menkaure
  4490 | D:5      | Reached skill level 7 in Spellcasting
  4791 | D:5      | Noticed a hornet
  4797 | D:5      | Killed a hornet
  4798 | D:5      | Reached skill level 1 in Staves
  4979 | D:6      | Reached XP level 9. HP: 52/61 MP: 0/0
  4979 | D:6      | Learned a level 3 spell: Vampiric Draining
  4983 | D:6      | Noticed Dowan
  4987 | D:6      | Found a staircase to the Ecumenical Temple.
  4987 | D:6      | Noticed Duvessa
  4991 | D:6      | Killed Dowan
  5007 | D:6      | Gained mutation: You expend health (3 HP) to strengthen
                  | your wands. [potion of mutation]
  5007 | D:6      | Gained mutation: You are strong-willed. (Will+) [potion of
                  | mutation]
  5007 | D:6      | Gained mutation: You are partially covered in iridescent
                  | scales. (AC +2) [potion of mutation]
  5007 | D:6      | Gained mutation: Your movements are slightly less
                  | encumbered by armour. (ER -2) [potion of mutation]
  5008 | D:6      | Mangled by Duvessa

Illustrated notes

Levels and vault maps discovered:
D:1:      minmay_arrival_glassed_features, layout_loops_ring
D:2:      layout_loops_ring, shapermc_ecumenical_altar_gd,
          lexackson_kobold_supper
D:3:      layout_basic, elyvilon_altar_5, minmay_checkerbox, uniq_grinder,
          uniq_crazy_yiuf_cottage
D:4:      layout_gridville, grunt_ministairs_2
D:5:      layout_gridville, minivault_5, uniq_menkaure
D:6:      layout_rooms, minmay_temple_entry_offerings, uniq_duvessa

Skill      XL: |  1  2  3  4  5  6  7  8  9 |
---------------+----------------------------+-----
Spellcasting   | 3 4 5 6 7 |  7.3
Fighting       | 3 |  3.7
Ranged Weapons | 2 |  2.0
Dodging        | 3 |  3.7
Staves         | 1 2 |  2.2
Stealth        | |  1.5

Action                     |  1- 3 |  4- 6 |  7- 9 || total
---------------------------+-------+-------+-------++-------
  Melee: Quarterstaff      |       |       |    15 ||    15
   Fire: Arbalest          |    14 |    19 |    19 ||    52
   Cast: Foxfire           |    36 |    52 |    24 ||   112
         Scorch            |    11 |    16 |    32 ||    59
         Kindle Blastspark |       |    13 |    21 ||    34
         Flame Wave        |       |       |     4 ||     4
    Use: Potion            |       |     1 |     8 ||     9
         Scroll            |       |       |     8 ||     8
 Armour: Robe              |     3 |     2 |    13 ||    18
  Dodge: Dodged            |     7 |     8 |    32 ||    47

Table legend: (Time is in decaauts)
 A = Elapsed time spent in this place.
 B = Non-inter-level travel time spent in this place.
 C = Inter-level travel time spent in this place.
 D = Time resting spent in this place.
 E = Time spent auto-exploring this place.
 F = Levels seen in this place.
 G = Mean time per level.
                   A        B        C        D        E       F      G
               +--------+--------+--------+--------+--------+-----+--------+
         Total |   5054 |   4906 |    148 |     18 |   4199 |   6 |  842.3 |
       Dungeon |   5054 |   4906 |    148 |     18 |   4199 |   6 |  842.3 |
               +--------+--------+--------+--------+--------+-----+--------+

Top non-repeatable levels by time:
     D:5: 1243 daAuts
     D:3: 1233 daAuts
     D:4: 923 daAuts
     D:2: 816 daAuts
     D:1: 797 daAuts
     D:6: 40 daAuts
